[Event "46th Roda Open 2019"]
[Site "La Roda"]
[Date "2019.04.18"]
[Round "2.1"]
[White "Predke, Alexandr"]
[Black "Nicolas Zapata, Javier"]
[Result "1-0"]
[ECO "A49"]
[WhiteElo "2619"]
[BlackElo "2171"]
[Annotator "ChessBase"]
[PlyCount "83"]
[EventDate "2019.04.17"]
[EventType "swiss"]
[EventCountry "ESP"]
[SourceTitle "playchess.com"]
[Source "ChessBase"]
[SourceQuality "1"]
[TimeControl "5400+30"]

1. d4 Nf6 2. Nf3 g6 3. g3 Bg7 4. Bg2 d5 5. O-O O-O 6. c3 Ne4 7. Bf4 c5 8. dxc5 Na6 9. Nbd2 Naxc5 10. Nxe4 Nxe4 11. Qb3 Nc5 12. Qa3 b6 13. Rfd1 Bb7 14. c4 d4 15. Nxd4 Bxd4 16. Bxb7 Nxb7 17. Bh6 e5 18. e3 Bc5 19. Rxd8 Bxa3 20. Bxf8 Rxd8 21. Bxa3 Rd2 22. Bb4 Rxb2 23. Bc3 Rc2 24. Bxe5 Nc5 25. Rd1 f6 26. Bxf6 Ne4 27. Rd8+ Kf7 28. Bd4 Nxf2 29. Rd7+ Ke6 30. Rxa7 Ng4 31. Rxh7 g5 32. h4 gxh4 33. gxh4 Nh2 34. h5 Rd2 35. Rh6+ Kf5 36. Rf6+ Kg4 37. h6 Nf3+ 38. Rxf3 Kxf3 39. h7 Rd1+ 40. Kh2 Rd2+ 41. Kh3 Rd1 42. Be5 1-0

[Event "46th Roda Open 2019"]
[Site "La Roda"]
[Date "2019.04.18"]
[Round "2.2"]
[White "Diaz Mino, Pablo"]
[Black "Grachev, Boris"]
[Result "1/2-1/2"]
[ECO "A40"]
[WhiteElo "2171"]
[BlackElo "2618"]
[Annotator "ChessBase"]
[PlyCount "171"]
[EventDate "2019.04.17"]
[EventType "swiss"]
[EventCountry "ESP"]
[SourceTitle "playchess.com"]
[Source "ChessBase"]
[SourceQuality "1"]
[TimeControl "5400+30"]

1. d4 Nf6 2. c4 e6 3. g3 d5 4. Nf3 Bb4+ 5. Bd2 Be7 6. Bg2 O-O 7. O-O Nbd7 8. Qc2 c6 9. Bf4 b6 10. Nc3 Ba6 11. cxd5 cxd5 12. Rfc1 b5 13. a3 Rc8 14. Qd3 Qb6 15. b4 Bb7 16. Nd2 a5 17. bxa5 Qxa5 18. Qxb5 Qa7 19. Qb3 Ba6 20. e4 dxe4 21. Ndxe4 Qxd4 22. Rd1 Qc4 23. Qb2 Nxe4 24. Nxe4 Nf6 25. Nd6 Bxd6 26. Bxd6 Rfd8 27. Bf1 Qa4 28. Rd4 Qc6 29. Bxa6 Qxa6 30. Be5 Rxd4 31. Qxd4 Ne8 32. Qb4 f6 33. Bf4 e5 34. Be3 Nd6 35. Rc1 Rxc1+ 36. Bxc1 Qd3 37. Qd2 e4 38. Qxd3 exd3 39. Kf1 Nc4 40. Ke1 Kf7 41. a4 Ke6 42. Bd2 Kd5 43. a5 Kc5 44. Bc3 g6 45. Kd1 f5 46. Ke1 g5 47. Kd1 g4 48. Ke1 Kb5 49. Kd1 Ka6 50. Ke1 Kb7 51. Kd1 Ka7 52. Ke1 Ka6 53. Kd1 Kb5 54. Ke1 Nd6 55. a6 Kxa6 56. Kd2 Kb5 57. Kxd3 Kc5 58. Ke3 Kd5 59. f3 h5 60. fxg4 hxg4 61. Kf4 Ke6 62. Bb4 Ne4 63. Be1 Kf6 64. Bb4 Kg6 65. Ke3 Ng5 66. Kf2 Kf6 67. Bc3+ Ke6 68. Kg2 Kd5 69. Bd2 Ne4 70. Be3 Kc4 71. h3 Kd3 72. hxg4 fxg4 73. Bf4 Ke2 74. Bc7 Nf2 75. Bb6 Nd1 76. Bc7 Ne3+ 77. Kg1 Kf3 78. Bd6 Nf5 79. Be5 Nxg3 80. Bc7 Ne2+ 81. Kf1 Nd4 82. Be5 Nf5 83. Bc7 Ng3+ 84. Kg1 Nh5 85. Be5 g3 86. Bxg3 1/2-1/2

[Event "46th Roda Open 2019"]
[Site "La Roda"]
[Date "2019.04.18"]
[Round "2.8"]
[White "Carbonell Sancho, Marc"]
[Black "Ibarra Jerez, Jose Carlos"]
[Result "0-1"]
[ECO "B90"]
[WhiteElo "2149"]
[BlackElo "2542"]
[Annotator "ChessBase"]
[PlyCount "86"]
[EventDate "2019.04.17"]
[EventType "swiss"]
[EventCountry "ESP"]
[SourceTitle "playchess.com"]
[Source "ChessBase"]
[SourceQuality "1"]
[TimeControl "5400+30"]

1. e4 c5 2. Nf3 d6 3. d4 Nf6 4. Nc3 cxd4 5. Nxd4 a6 6. Bc4 e6 7. Bb3 Nbd7 8. Bg5 Nc5 9. O-O Be7 10. Re1 h6 11. Bh4 Nxb3 12. axb3 g5 13. Bg3 e5 14. Nf5 Nxe4 15. Nxd6+ Qxd6 16. Rxe4 Qxd1+ 17. Rxd1 f6 18. Nd5 Bd8 19. c4 Bf5 20. Re3 O-O 21. f3 Rc8 22. Bf2 Rf7 23. g4 Bc2 24. Rc1 Bg6 25. Re2 h5 26. h3 hxg4 27. hxg4 Be7 28. Nxe7+ Rxe7 29. Rd1 Be8 30. Rd6 Kf7 31. Bb6 Bc6 32. Rh2 Kg7 33. Kf2 Rce8 34. Rh5 Re6 35. Rxe6 Rxe6 36. Be3 Rd6 37. Ke2 e4 38. fxe4 Bxe4 39. Bd2 Bf3+ 40. Kxf3 Rxd2 41. Rh3 Rd3+ 42. Kg2 Rxh3 43. Kxh3 a5 0-1

[Event "46th Roda Open 2019"]
[Site "La Roda"]
[Date "2019.04.18"]
[Round "3.1"]
[White "Del Rey, Diego"]
[Black "Predke, Alexandr"]
[Result "0-1"]
[ECO "B18"]
[WhiteElo "2355"]
[BlackElo "2619"]
[Annotator "RC"]
[PlyCount "110"]
[EventDate "2019.04.17"]
[EventType "swiss"]
[EventCountry "ESP"]
[SourceTitle "playchess.com"]
[Source "ChessBase"]
[SourceQuality "1"]
[TimeControl "5400+30"]

1. e4 c6 2. d4 d5 3. Nd2 dxe4 4. Nxe4 Bf5 5. Ng3 Bg6 6. Nh3 e6 7. Nf4 Qh4 8. c3 Nd7 9. Qf3 Ngf6 10. Nxg6 hxg6 11. Qf4 Qxf4 12. Bxf4 Nd5 13. Bd2 N7f6 14. Bd3 Bd6 15. Ne4 Bf4 16. h4 Ke7 17. g3 Bxd2+ 18. Kxd2 Nxe4+ 19. Bxe4 Nf6 20. Bf3 Ne8 21. c4 Nd6 22. Kc3 Kf6 23. a4 a5 24. Rab1 Nf5 25. Rhd1 Rhd8 26. Rd3 Rd7 27. Rbd1 g5 28. h5 Rad8 29. Be4 Nd6 30. Bg2 g4 31. f3 gxf3 32. Bxf3 Kg5 33. g4 f6 34. b4 axb4+ 35. Kxb4 Nf7 36. Kc3 e5 37. a5 Re7 38. Bh1 exd4+ 39. Rxd4 Rxd4 40. Rxd4 Ne5 41. c5 Nxg4 42. a6 bxa6 43. Bxc6 Ne5 44. Ba4 Kxh5 45. Kb4 g5 46. c6 g4 47. Kc5 f5 48. Kd6 Nxc6 49. Bxc6 Re2 50. Bb7 Rb2 51. Bc8 Kg5 52. Bd7 g3 53. Rd1 f4 54. Rg1 Rd2+ 55. Ke7 Rxd7+ 0-1

[Event "46th Roda Open 2019"]
[Site "La Roda"]
[Date "2019.04.18"]
[Round "3.2"]
[White "Bayo Milagro, Alvaro"]
[Black "Perez Candelario, Manuel"]
[Result "0-1"]
[ECO "A21"]
[WhiteElo "2333"]
[BlackElo "2615"]
[Annotator "ChessBase"]
[PlyCount "84"]
[EventDate "2019.04.17"]
[EventType "swiss"]
[EventCountry "ESP"]
[SourceTitle "playchess.com"]
[Source "ChessBase"]
[SourceQuality "1"]
[TimeControl "5400+30"]

1. c4 e5 2. Nc3 d6 3. d4 exd4 4. Qxd4 Nc6 5. Qd2 Nf6 6. b3 Be6 7. e4 g6 8. Bb2 Bg7 9. Bd3 O-O 10. Nge2 Ng4 11. f4 f5 12. O-O Qd7 13. Rae1 Rae8 14. Ng3 Bd4+ 15. Kh1 Nxh2 16. Kxh2 Qe7 17. Nxf5 Rxf5 18. Kg3 Rh5 19. Rh1 Qg7 20. Nd1 Rxh1 21. Rxh1 Rf8 22. Bxd4 Nxd4 23. Kf2 Bg4 24. Nc3 Ne6 25. g3 Qd4+ 26. Ke1 Re8 27. Be2 Bxe2 28. Kxe2 Qg7 29. Kd1 Nd4 30. g4 c6 31. Kc1 Ne2+ 32. Kc2 Nxc3 33. Qxc3 Rxe4 34. Qxg7+ Kxg7 35. Rf1 Re2+ 36. Kb1 h5 37. gxh5 gxh5 38. a4 Rg2 39. Re1 h4 40. Re7+ Kg6 41. Re6+ Kh5 42. f5 h3 0-1

[Event "46th Roda Open 2019"]
[Site "La Roda"]
[Date "2019.04.18"]
[Round "3.3"]
[White "Buendia Pinar, Alvaro"]
[Black "Forcen Esteban, Daniel"]
[Result "1/2-1/2"]
[ECO "A40"]
[WhiteElo "2256"]
[BlackElo "2567"]
[Annotator "ChessBase"]
[PlyCount "71"]
[EventDate "2019.04.17"]
[EventType "swiss"]
[EventCountry "ESP"]
[SourceTitle "playchess.com"]
[Source "ChessBase"]
[SourceQuality "1"]
[TimeControl "5400+30"]

1. d4 g6 2. Nf3 Bg7 3. g3 f5 4. Bg2 Nf6 5. O-O O-O 6. Nc3 d6 7. Qd3 Nc6 8. e4 e5 9. dxe5 Nxe5 10. Nxe5 dxe5 11. Qc4+ Kh8 12. Be3 c6 13. Bc5 Re8 14. Rad1 Bd7 15. exf5 gxf5 16. Bh3 Qc8 17. Qh4 Nd5 18. Nxd5 cxd5 19. Be3 Qc6 20. Bg2 Qg6 21. Bf3 Bf6 22. Qh3 Re7 23. Rxd5 Be6 24. Rd6 Rg8 25. Rxe6 Rxe6 26. Bd5 Rd6 27. Bxg8 Kxg8 28. Re1 b6 29. Qf1 f4 30. Qc4+ Kh8 31. Bc1 Qh5 32. Qe4 Rd4 33. Qa8+ Rd8 34. Qe4 Rd4 35. Qa8+ Rd8 36. Qe4 1/2-1/2

[Event "46th Roda Open 2019"]
[Site "La Roda"]
[Date "2019.04.18"]
[Round "3.4"]
[White "Solodovnichenko, Yuri"]
[Black "Ramiro Ovejero, Juan Luis"]
[Result "1-0"]
[ECO "C11"]
[WhiteElo "2554"]
[BlackElo "2337"]
[Annotator "ChessBase"]
[PlyCount "59"]
[EventDate "2019.04.17"]
[EventType "swiss"]
[EventCountry "ESP"]
[SourceTitle "playchess.com"]
[Source "ChessBase"]
[SourceQuality "1"]
[TimeControl "5400+30"]

1. e4 e6 2. d4 d5 3. Nc3 Nf6 4. e5 Nfd7 5. Nce2 c5 6. c3 Nc6 7. Nf3 b5 8. a3 Rb8 9. Nf4 Be7 10. h4 cxd4 11. cxd4 b4 12. Bd3 bxa3 13. bxa3 Ba6 14. Bxa6 Qa5+ 15. Kf1 Qxa6+ 16. Kg1 O-O 17. Rh3 Bd8 18. Nh5 Ne7 19. Bg5 Ng6 20. Rg3 Rb2 21. Bc1 Re2 22. Be3 Ba5 23. Nxg7 Kxg7 24. h5 Rc8 25. Rc1 Ra2 26. hxg6 hxg6 27. Rh3 Rxc1 28. Qxc1 Bd8 29. Bh6+ Kg8 30. Bg7 1-0

[Event "46th Roda Open 2019"]
[Site "La Roda"]
[Date "2019.04.18"]
[Round "3.5"]
[White "Gimenez Menchon, Cesar"]
[Black "Grigoryan, Karen H."]
[Result "0-1"]
[ECO "C55"]
[WhiteElo "2249"]
[BlackElo "2545"]
[Annotator "ChessBase"]
[PlyCount "106"]
[EventDate "2019.04.17"]
[EventType "swiss"]
[EventCountry "ESP"]
[SourceTitle "playchess.com"]
[Source "ChessBase"]
[SourceQuality "1"]
[TimeControl "5400+30"]

1. e4 e5 2. Nf3 Nc6 3. Bc4 Nf6 4. d4 exd4 5. e5 d5 6. Bb5 Ne4 7. Nxd4 Bd7 8. Bxc6 bxc6 9. Be3 c5 10. Nb3 d4 11. Bf4 Ng5 12. O-O Ne6 13. Bg3 h5 14. h3 h4 15. Bh2 Bb5 16. Re1 c4 17. a4 Bc6 18. N3d2 Qd5 19. f3 Rb8 20. b3 d3 21. Kh1 dxc2 22. Qxc2 cxb3 23. Qb2 Bb4 24. Nc3 Qd3 25. Rec1 Nd4 26. Nxb3 Nxb3 27. Qxb3 Bxf3 28. Qc2 Qxc3 29. Qxc3 Bxc3 30. Rxc3 Bd5 31. Rxc7 Rb2 32. Rd1 Bxg2+ 33. Kg1 Bxh3 34. e6 Rg2+ 35. Kh1 Rxh2+ 36. Kxh2 Bxe6 37. Rxa7 O-O 38. Rd4 h3 39. Ra5 Rc8 40. Rd2 Rc4 41. Ra8+ Kh7 42. a5 Ra4 43. a6 g5 44. a7 g4 45. Rdd8 Kg6 46. Kg3 Kf5 47. Rh8 Ra3+ 48. Kf2 Kf4 49. Rh6 g3+ 50. Ke2 Bg4+ 51. Kd2 g2 52. Rf6+ Kg3 53. Rg8 Rxa7 0-1

[Event "46th Roda Open 2019"]
[Site "La Roda"]
[Date "2019.04.18"]
[Round "3.6"]
[White "Ibarra Jerez, Jose Carlos"]
[Black "Gavarrete, Nahun"]
[Result "1-0"]
[ECO "B67"]
[WhiteElo "2542"]
[BlackElo "2324"]
[Annotator "ChessBase"]
[PlyCount "57"]
[EventDate "2019.04.17"]
[EventType "swiss"]
[EventCountry "ESP"]
[SourceTitle "playchess.com"]
[Source "ChessBase"]
[SourceQuality "1"]
[TimeControl "5400+30"]

1. e4 c5 2. Ne2 Nc6 3. d4 cxd4 4. Nxd4 Nf6 5. Nc3 d6 6. Bg5 e6 7. Qd2 a6 8. O-O-O Bd7 9. f3 Be7 10. h4 h6 11. Be3 h5 12. Bg5 Qc7 13. Kb1 Nxd4 14. Qxd4 b5 15. Ne2 a5 16. Ng3 a4 17. Bd2 a3 18. b3 O-O 19. Bb4 Rfc8 20. Qd2 Bc6 21. Rh3 d5 22. Bxe7 Qxe7 23. e5 Nd7 24. Nxh5 Nxe5 25. Qd4 Qc7 26. f4 Be8 27. Rc1 f6 28. fxe5 Bxh5 29. exf6 1-0

[Event "46th Roda Open 2019"]
[Site "La Roda"]
[Date "2019.04.18"]
[Round "3.7"]
[White "Lopez Quevedo, Eduardo"]
[Black "Maiorov, Nikita"]
[Result "1/2-1/2"]
[ECO "C95"]
[WhiteElo "2209"]
[BlackElo "2540"]
[Annotator "ChessBase"]
[PlyCount "113"]
[EventDate "2019.04.17"]
[EventType "swiss"]
[EventCountry "ESP"]
[SourceTitle "playchess.com"]
[Source "ChessBase"]
[SourceQuality "1"]
[TimeControl "5400+30"]

1. e4 e5 2. Nf3 Nc6 3. Bb5 a6 4. Ba4 Nf6 5. O-O Be7 6. Re1 b5 7. Bb3 d6 8. c3 O-O 9. h3 Nb8 10. d4 Nbd7 11. Nbd2 Bb7 12. Bc2 Re8 13. Nf1 Bf8 14. Ng3 g6 15. Bg5 Bg7 16. a4 Qe7 17. Bd3 c6 18. Qc1 Qf8 19. dxe5 dxe5 20. b4 Nb6 21. Be3 Nfd7 22. a5 Nc8 23. c4 Rd8 24. c5 Ne7 25. Ra3 Qe8 26. Bb1 f6 27. Ba2+ Kh8 28. Rd3 Nf8 29. Red1 Rxd3 30. Rxd3 Bc8 31. Rd6 Ng8 32. Qd2 Be6 33. Bxe6 Nxe6 34. Qa2 Nc7 35. Qd2 Bf8 36. Rd7 Ne6 37. Rb7 Rd8 38. Qb2 Rd1+ 39. Kh2 Qc8 40. Rb6 Rd8 41. Bd2 Bg7 42. Bc3 Ne7 43. Nf1 Nc7 44. Nxe5 fxe5 45. Bxe5 Ne8 46. Ne3 Qe6 47. Bxg7+ Nxg7 48. Rxa6 Nc8 49. Ra8 Qxe4 50. Ng4 Qf4+ 51. g3 Qf7 52. a6 Rf8 53. Rb8 h5 54. Rb7 hxg4 55. Rxf7 Rxf7 56. Qd4 Kh7 57. Qxg4 1/2-1/2

[Event "46th Roda Open 2019"]
[Site "La Roda"]
[Date "2019.04.18"]
[Round "3.8"]
[White "Sivuk, Vitaly"]
[Black "Cabezas Ayala, Ivan"]
[Result "1-0"]
[ECO "E94"]
[WhiteElo "2523"]
[BlackElo "2312"]
[Annotator "ChessBase"]
[PlyCount "61"]
[EventDate "2019.04.17"]
[EventType "swiss"]
[EventCountry "ESP"]
[SourceTitle "playchess.com"]
[Source "ChessBase"]
[SourceQuality "1"]
[TimeControl "5400+30"]

1. d4 Nf6 2. c4 g6 3. Nc3 Bg7 4. e4 d6 5. Nf3 O-O 6. Be2 e5 7. O-O Na6 8. Be3 Ng4 9. Bg5 Qe8 10. Re1 exd4 11. Nxd4 Qe5 12. Nf3 Qc5 13. Bh4 Be6 14. Rc1 Bh6 15. h3 Ne5 16. Bf6 Nxf3+ 17. Bxf3 Bg7 18. e5 dxe5 19. Rxe5 Qd6 20. Bxg7 Kxg7 21. Qxd6 cxd6 22. Re3 Nc5 23. b4 Nd7 24. Nb5 a5 25. Bxb7 Rab8 26. Nxd6 axb4 27. Rxe6 fxe6 28. c5 Nxc5 29. Rxc5 Rbd8 30. Ne4 Rf7 31. Bc8 1-0

[Event "46th Roda Open 2019"]
[Site "La Roda"]
[Date "2019.04.19"]
[Round "4.4"]
[White "Grigoryan, Karen H."]
[Black "Martinez Reyes, Pedro Ramon"]
[Result "0-1"]
[ECO "D02"]
[WhiteElo "2545"]
[BlackElo "2404"]
[Annotator "RC"]
[PlyCount "116"]
[EventDate "2019.04.17"]
[EventType "swiss"]
[EventCountry "ESP"]
[SourceTitle "playchess.com"]
[Source "ChessBase"]
[SourceQuality "1"]
[TimeControl "5400+30"]

1. d4 d5 2. Nf3 Nf6 3. Bf4 c5 4. e3 Nc6 5. c3 Qb6 6. Qb3 c4 7. Qc2 Bf5 8. Qc1 Nh5 9. Bg5 f6 10. Bh4 g5 11. Bg3 Bg7 12. Nbd2 O-O 13. e4 dxe4 14. Nxc4 Qd8 15. Nfd2 Bg6 16. Be2 f5 17. Qd1 Nf6 18. Be5 b5 19. Qb3 Qd5 20. Bxf6 Bxf6 21. Ne3 Qxb3 22. Nxb3 a6 23. Nd5 Bg7 24. Nc7 Ra7 25. Ne6 Rf6 26. Nxg5 h6 27. Nh3 f4 28. g3 f3 29. Bf1 e5 30. dxe5 Nxe5 31. Nf4 Bf7 32. Bh3 Rxf4 33. gxf4 Nd3+ 34. Kf1 Nxf4 35. Bf5 Bc4+ 36. Ke1 Rf7 37. Bxe4 Re7 38. Nc5 Nd3+ 39. Nxd3 Rxe4+ 40. Kd1 Bxd3 41. Kd2 Be2 42. Rhg1 Kf7 43. Rg3 Be5 44. Rh3 h5 45. Rxh5 Bf4+ 46. Kc2 Bc4 47. Rd1 Re2+ 48. Kb1 Kg6 49. Rh4 Kg5 50. Rh8 Rxf2 51. h4+ Kg4 52. h5 Rf1 53. Rxf1 Bxf1 54. Rg8+ Kxh5 55. Rf8 Bd3+ 56. Ka1 Kg4 57. Rg8+ Bg5 58. Rf8 Bf5 0-1

[Event "46th Roda Open 2019"]
[Site "La Roda"]
[Date "2019.04.19"]
[Round "5.6"]
[White "Popov, Ivan"]
[Black "Rodriguez Melendez, Juan Humbert"]
[Result "1-0"]
[ECO "B90"]
[WhiteElo "2585"]
[BlackElo "2213"]
[Annotator "RC"]
[PlyCount "59"]
[EventDate "2019.04.17"]
[EventType "swiss"]
[EventCountry "ESP"]
[SourceTitle "playchess.com"]
[Source "ChessBase"]
[SourceQuality "1"]
[TimeControl "5400+30"]

1. e4 c5 2. Nf3 d6 3. d4 cxd4 4. Nxd4 Nf6 5. Nc3 a6 6. h3 e6 7. g4 Be7 8. Bg2 Nfd7 9. Nce2 Nc6 10. c3 Qc7 11. O-O O-O 12. f4 Rb8 13. g5 Re8 14. f5 e5 15. Nc2 b5 16. Ng3 Bf8 17. Ne3 Nb6 18. b3 b4 19. c4 a5 20. f6 g6 21. Nd5 Nxd5 22. exd5 Nd8 23. Be3 Nb7 24. h4 Nc5 25. h5 a4 26. hxg6 hxg6 27. Ne4 Qd7 28. Qc2 Qg4 29. Nxc5 dxc5 30. Qxg6+ 1-0

[Event "46th Roda Open 2019"]
[Site "La Roda"]
[Date "2019.04.20"]
[Round "6.2"]
[White "Ibarra Jerez, Jose Carlos"]
[Black "Predke, Alexandr"]
[Result "1/2-1/2"]
[ECO "A05"]
[WhiteElo "2542"]
[BlackElo "2619"]
[Annotator "RC"]
[PlyCount "40"]
[EventDate "2019.04.17"]
[EventType "swiss"]
[EventCountry "ESP"]
[SourceTitle "playchess.com"]
[Source "ChessBase"]
[SourceQuality "1"]
[TimeControl "5400+30"]

1. Nf3 Nf6 2. g3 b6 3. Bg2 Bb7 4. O-O c5 5. c4 g6 6. b3 Bg7 7. Bb2 O-O 8. e3 d5 9. d3 Nc6 10. a3 Re8 11. Ne5 Qc7 12. Nxc6 Bxc6 13. cxd5 Bxd5 14. Bxd5 Nxd5 15. Bxg7 Kxg7 16. Qc2 Rad8 17. Nc3 Qe5 18. Rac1 Rd7 19. Rfd1 Red8 20. Nxd5 Rxd5 1/2-1/2

[Event "46th Roda Open 2019"]
[Site "La Roda"]
[Date "2019.04.20"]
[Round "7.3"]
[White "Predke, Alexandr"]
[Black "Mogranzini, Roberto"]
[Result "1-0"]
[ECO "C41"]
[WhiteElo "2619"]
[BlackElo "2449"]
[Annotator "RC"]
[PlyCount "91"]
[EventDate "2019.04.17"]
[EventType "swiss"]
[EventCountry "ESP"]
[SourceTitle "playchess.com"]
[Source "ChessBase"]
[SourceQuality "1"]
[TimeControl "5400+30"]

1. e4 d6 2. d4 Nf6 3. Nc3 e5 4. Nf3 Nbd7 5. Bc4 Be7 6. O-O O-O 7. Re1 exd4 8. Qxd4 Nb6 9. Be2 c5 10. Qd3 d5 11. exd5 Nbxd5 12. Nxd5 Nxd5 13. Rd1 Nf6 14. Bf4 Qxd3 15. Bxd3 Bg4 16. Re1 Nd5 17. Bc4 Nxf4 18. Rxe7 Bxf3 19. gxf3 Rab8 20. a4 Ng6 21. Rc7 Ne5 22. Bd5 Rfc8 23. Rxc8+ Rxc8 24. Re1 Re8 25. Kf1 Kf8 26. Bxb7 Nc4 27. Rxe8+ Kxe8 28. b3 Nd6 29. Ba6 g5 30. f4 f6 31. Ke2 Ke7 32. Ke3 h6 33. c3 Ke6 34. a5 Kd5 35. Be2 c4 36. Bf3+ Ke6 37. b4 Nb5 38. fxg5 hxg5 39. Bc6 Nxc3 40. Kd4 Nd1 41. Bf3 Nb2 42. Bd5+ Kd6 43. Bxc4 Nd1 44. f3 Nf2 45. Ke3 Nh3 46. Ke4 {[%emt 0:00:00] Kd5+} 1-0

[Event "46th Roda Open 2019"]
[Site "La Roda"]
[Date "2019.04.20"]
[Round "7.4"]
[White "Grachev, Boris"]
[Black "Gines Esteo, Pedro Antonio"]
[Result "1/2-1/2"]
[ECO "A41"]
[WhiteElo "2618"]
[BlackElo "2399"]
[Annotator "RC"]
[PlyCount "88"]
[EventDate "2019.04.17"]
[EventType "swiss"]
[EventCountry "ESP"]
[SourceTitle "playchess.com"]
[Source "ChessBase"]
[SourceQuality "1"]
[TimeControl "5400+30"]

1. d4 d6 2. Nf3 g6 3. e4 Bg7 4. Bc4 Nf6 5. Qe2 d5 6. exd5 Nxd5 7. O-O O-O 8. Bb3 Bg4 9. h3 Bxf3 10. Qxf3 c6 11. c3 e6 12. Nd2 a5 13. a4 Nd7 14. Nc4 h6 15. Qg3 Qb8 16. Qxb8 Rfxb8 17. Bc2 h5 18. Re1 Bf6 19. Be4 Kg7 20. Bf3 Bd8 21. Ne3 N7b6 22. Bd2 Nxe3 23. Bxe3 Nd5 24. Bd2 Bc7 25. Re2 Rd8 26. h4 Rd7 27. g3 Bd8 28. Kg2 Bf6 29. Bg5 Rh8 30. Bxf6+ Kxf6 31. Re5 Ra8 32. Ra3 Ra6 33. Rb3 Ra7 34. Kf1 Ke7 35. Re1 Kd6 36. Ke2 Kc7 37. Kd3 Ra8 38. Ra3 Rad8 39. Kc2 Ne7 40. Re2 b6 41. Be4 Nc8 42. Bd3 Ne7 43. Be4 Nc8 44. Bd3 Ne7 1/2-1/2

[Event "46th Roda Open 2019"]
[Site "La Roda"]
[Date "2019.04.21"]
[Round "8.1"]
[White "Predke, Alexandr"]
[Black "Solodovnichenko, Yuri"]
[Result "1/2-1/2"]
[ECO "C42"]
[WhiteElo "2619"]
[BlackElo "2554"]
[Annotator "ChessBase"]
[PlyCount "24"]
[EventDate "2019.04.17"]
[EventType "swiss"]
[EventCountry "ESP"]
[SourceTitle "playchess.com"]
[Source "ChessBase"]
[SourceQuality "1"]
[TimeControl "5400+30"]

1. e4 e5 2. Nf3 Nf6 3. Nxe5 d6 4. Nc4 Nxe4 5. Qe2 Qe7 6. Ne3 Nc6 7. c3 Be6 8. g3 d5 9. Bg2 O-O-O 10. d4 Qd7 11. Nd2 Nxd2 12. Bxd2 h5 1/2-1/2

[Event "46th Roda Open 2019"]
[Site "La Roda"]
[Date "2019.04.21"]
[Round "8.2"]
[White "Perez Candelario, Manuel"]
[Black "Ibarra Jerez, Jose Carlos"]
[Result "1-0"]
[ECO "B01"]
[WhiteElo "2615"]
[BlackElo "2542"]
[Annotator "ChessBase"]
[PlyCount "73"]
[EventDate "2019.04.17"]
[EventType "swiss"]
[EventCountry "ESP"]
[SourceTitle "playchess.com"]
[Source "ChessBase"]
[SourceQuality "1"]
[TimeControl "5400+30"]

1. e4 d5 2. exd5 Qxd5 3. Nc3 Qd8 4. d4 Nf6 5. Nf3 g6 6. Bg5 Bg7 7. Qd2 h6 8. Bf4 c6 9. Bc4 Nd5 10. Be5 f6 11. Bg3 g5 12. Qd3 Be6 13. Bb3 Qd7 14. O-O-O Bf5 15. Qe2 Na6 16. Rhe1 Kf7 17. h4 g4 18. Nd2 h5 19. Kb1 Rhe8 20. Nc4 Kf8 21. Ne3 Nxe3 22. Qxe3 b5 23. Ne4 Rad8 24. a3 c5 25. Nxc5 Nxc5 26. dxc5 Qxd1+ 27. Rxd1 Rxd1+ 28. Ka2 Rg1 29. c6 Rd1 30. Qc5 Bc8 31. Qxh5 e6 32. Qxg4 Rh1 33. c7 e5 34. Qb4+ Re7 35. Qd6 f5 36. Qd5 Re6 37. Qxe6 1-0

[Event "46th Roda Open 2019"]
[Site "La Roda"]
[Date "2019.04.21"]
[Round "8.3"]
[White "Burmakin, Vladimir"]
[Black "Popov, Ivan"]
[Result "1/2-1/2"]
[ECO "A06"]
[WhiteElo "2495"]
[BlackElo "2585"]
[Annotator "ChessBase"]
[PlyCount "39"]
[EventDate "2019.04.17"]
[EventType "swiss"]
[EventCountry "ESP"]
[SourceTitle "playchess.com"]
[Source "ChessBase"]
[SourceQuality "1"]
[TimeControl "5400+30"]

1. Nf3 d5 2. g3 c6 3. Bg2 Bg4 4. h3 Bxf3 5. exf3 g6 6. O-O Bg7 7. d3 e6 8. c3 Nd7 9. Re1 Ne7 10. f4 O-O 11. Nd2 Nf5 12. Nf3 a5 13. Ne5 a4 14. Nxd7 Qxd7 15. Bd2 b5 16. Rb1 Rab8 17. d4 Rfc8 18. Be3 Qa7 19. a3 c5 20. dxc5 1/2-1/2

[Event "46th Roda Open 2019"]
[Site "La Roda"]
[Date "2019.04.21"]
[Round "8.4"]
[White "Forcen Esteban, Daniel"]
[Black "Campora, Daniel H."]
[Result "1/2-1/2"]
[ECO "B12"]
[WhiteElo "2567"]
[BlackElo "2405"]
[Annotator "ChessBase"]
[PlyCount "107"]
[EventDate "2019.04.17"]
[EventType "swiss"]
[EventCountry "ESP"]
[SourceTitle "playchess.com"]
[Source "ChessBase"]
[SourceQuality "1"]
[TimeControl "5400+30"]

1. e4 c6 2. d4 d5 3. e5 Bf5 4. Nf3 e6 5. Be2 c5 6. O-O Nc6 7. c3 a6 8. Be3 c4 9. b3 b5 10. a4 Be7 11. Na3 cxb3 12. Qxb3 Na5 13. Qa2 Nc4 14. Nc2 Rb8 15. Nd2 Nh6 16. axb5 axb5 17. Nxc4 bxc4 18. Bxh6 gxh6 19. Ne3 Bg6 20. f4 Be4 21. Bg4 O-O 22. Qf2 f5 23. exf6 Rxf6 24. Bh3 h5 25. Ra7 Ra8 26. Rb7 Rb8 27. Ra7 Bd6 28. f5 Qf8 29. Qe2 Qh6 30. Nxc4 Bxf5 31. Bxf5 Rxf5 32. Nxd6 Rxf1+ 33. Qxf1 Qe3+ 34. Kh1 Qf4 35. Kg1 Qe3+ 36. Kh1 Qf4 37. Qe1 Qxd6 38. g3 e5 39. Qxe5 Qxe5 40. dxe5 Re8 41. Kg2 Rxe5 42. Kf3 h4 43. Rc7 hxg3 44. hxg3 h5 45. Kg2 Re1 46. Kf3 Re5 47. Rc5 Kf7 48. c4 Rf5+ 49. Ke3 Ke6 50. Rxd5 Rxd5 51. cxd5+ Kxd5 52. Kf4 h4 53. Kg4 hxg3 54. Kxg3 1/2-1/2

[Event "46th Roda Open 2019"]
[Site "La Roda"]
[Date "2019.04.21"]
[Round "8.5"]
[White "Pilgaard, Kim"]
[Black "Grachev, Boris"]
[Result "0-1"]
[ECO "A50"]
[WhiteElo "2418"]
[BlackElo "2618"]
[Annotator "ChessBase"]
[PlyCount "72"]
[EventDate "2019.04.17"]
[EventType "swiss"]
[EventCountry "ESP"]
[SourceTitle "playchess.com"]
[Source "ChessBase"]
[SourceQuality "1"]
[TimeControl "5400+30"]

1. d4 Nf6 2. c4 b6 3. Nc3 Bb7 4. Qc2 d5 5. cxd5 Nxd5 6. e4 Nxc3 7. bxc3 e5 8. Nf3 exd4 9. Bb5+ c6 10. Bc4 b5 11. Be2 dxc3 12. Qxc3 Nd7 13. O-O b4 14. Qb3 Be7 15. Rd1 Qc7 16. Bg5 Bxg5 17. Nxg5 O-O 18. Qxb4 c5 19. Rac1 h6 20. Nf3 Rac8 21. Qb1 Nb6 22. Nd2 Rfd8 23. Nc4 Rd4 24. f3 Nxc4 25. Rxd4 cxd4 26. Rxc4 Qf4 27. Rxc8+ Bxc8 28. Qd3 Qd6 29. Kf2 Be6 30. a3 a5 31. h4 a4 32. Bd1 Bd7 33. Qc4 Qb6 34. Bxa4 d3+ 35. Kf1 Bxa4 36. Qxa4 Qb1+ 0-1

[Event "46th Roda Open 2019"]
[Site "La Roda"]
[Date "2019.04.21"]
[Round "8.6"]
[White "Gines Esteo, Pedro Antonio"]
[Black "Sivuk, Vitaly"]
[Result "0-1"]
[ECO "E10"]
[WhiteElo "2399"]
[BlackElo "2523"]
[Annotator "ChessBase"]
[PlyCount "60"]
[EventDate "2019.04.17"]
[EventType "swiss"]
[EventCountry "ESP"]
[SourceTitle "playchess.com"]
[Source "ChessBase"]
[SourceQuality "1"]
[TimeControl "5400+30"]

1. d4 Nf6 2. c4 e6 3. Nf3 d5 4. e3 a6 5. Nbd2 c5 6. cxd5 exd5 7. dxc5 Bxc5 8. g3 O-O 9. Bg2 d4 10. exd4 Re8+ 11. Kf1 Ba7 12. Nb3 Nc6 13. h4 Bf5 14. h5 h6 15. Rh4 Nb4 16. Bf4 Rc8 17. Qd2 Nbd5 18. Bxh6 Ne4 19. Rxe4 Bxe4 20. Bg5 f6 21. Bh4 Rc2 22. Qd1 Rxb2 23. Rc1 Nb4 24. Nbd2 Bc2 25. Rxc2 Nxc2 26. h6 Nxd4 27. Ng5 fxg5 28. Qh5 Re1+ 29. Kxe1 Nf3+ 30. Kf1 Qd3# 0-1